 Dungeon Crawl Stone Soup version 0.22-a0-348-gd16d139 (webtiles) character file.

68150 grindst0ne the Martial Artist (level 15, -6/115 HPs)
             Began as a Gnoll Transmuter on Apr 11, 2018.
             Was the Champion of Cheibriados.
             Mangled by an ettin
             ... wielding a +0 dire flail
              (46 damage)
             ... on level 15 of the Dungeon.
             The game lasted 00:58:35 (24476 turns).

grindst0ne the Martial Artist (Gnoll Transmuter)   Turns: 24476, Time: 00:58:35

Health: -6/115     AC: 10    Str: 28    XL:     15   Next: 25%
Magic:  17/29      EV: 25    Int: 36    God:    Cheibriados [******]
Gold:   1561       SH:  0    Dex: 31    Spells: 5/35 levels left

rFire    . . .     SeeInvis .     - Unarmed
rCold    . . .     Gourm    .   (shield currently unavailable)
rNeg     . . .     Faith    +   U - +0 steam dragon scales
rPois    .         Spirit   .   R - +2 hat
rElec    .         Reflect  .   (no cloak)
rCorr    .         Harm     .   (gloves currently unavailable)
MR       +....                  S - +0 pair of boots
Stlth    +++++.....             I - amulet of faith
HPRegen  1.29/turn              r - +2 ring of slaying
MPRegen  0.21/turn              s - ring of wizardry

@: blade hands (expiring), regenerating, very slow
A: distributed training, fangs 1, strong nose
a: End Transformation, Bend Time, Temporal Distortion, Slouch, Step From Time,
Renounce Religion


You were on level 15 of the Dungeon.
You worshipped Cheibriados.
Cheibriados was exalted by your worship.
You were not hungry.
You had blades for hands.
You visited 3 branches of the dungeon, and saw 22 of its levels.
You also visited: Sewer and Volcano.

You collected 1658 gold pieces.
You spent 97 gold pieces at shops.

Inventory:

Missiles
 a - 421 arrows
 b - 2 throwing nets (quivered)
 Q - 9 tomahawks
Armour
 x - a +2 robe of magic resistance
 O - a +2 pair of gloves (melded)
 R - a +2 hat (worn)
 S - a +0 pair of boots (worn)
 U - +0 steam dragon scales (worn)
 W - a +2 robe of fire resistance
Magical Staves
 J - an uncursed staff of energy (melded)
Jewellery
 e - an uncursed ring of see invisible
 r - a +2 ring of slaying (left scythe-like blade)
 s - a ring of wizardry (right scythe-like blade)
 B - an uncursed amulet of magic regeneration
 H - an uncursed amulet of guardian spirit
 I - an amulet of faith (around neck)
 K - an uncursed ring of magical power
Wands
 i - a wand of flame (13)
 y - a wand of digging (39)
 z - a wand of scattershot (3)
 G - a wand of polymorph (15)
 M - a wand of enslavement (4)
 P - a wand of paralysis (35)
Scrolls
 c - 3 scrolls of blinking
 f - 3 scrolls of enchant armour
 g - 3 scrolls of enchant weapon
 j - 2 scrolls of fog
 k - 17 scrolls of remove curse
 l - 2 scrolls of immolation
 n - 11 scrolls of teleportation
 u - 3 scrolls of magic mapping
 v - 2 scrolls of fear
 L - a scroll of holy word
 T - 2 scrolls of identify
Potions
 h - 5 potions of mutation
 m - 4 potions of agility
 p - 3 potions of might
 q - 6 potions of flight
 t - 6 potions of heal wounds
 w - 2 potions of magic
 C - 2 potions of brilliance
 D - a potion of cancellation
 E - 4 potions of curing
 F - 3 potions of resistance
 N - a potion of berserk rage {unknown}
 V - 2 potions of ambrosia {unknown}
Miscellaneous
 A - a phantom mirror
Comestibles
 d - 32 rations


   Skills:
 + Level 10.1 Fighting
 + Level 9.7 Short Blades
 + Level 9.7 Long Blades
 + Level 9.7 Axes
 + Level 9.7 Maces & Flails
 + Level 9.7 Polearms
 + Level 9.7 Staves
 + Level 9.7 Slings
 + Level 9.7 Bows
 + Level 9.7 Crossbows
 + Level 9.7 Throwing
 + Level 9.7 Armour
 + Level 10.7 Dodging
 + Level 9.7 Stealth
 + Level 9.7 Shields
 + Level 11.5 Unarmed Combat
 + Level 10.9 Spellcasting
 + Level 8.2 Conjurations
 + Level 8.2 Hexes
 + Level 8.2 Charms
 + Level 8.2 Summonings
 + Level 8.2 Necromancy
 + Level 8.2 Translocations
 + Level 9.1 Transmutations
 + Level 8.2 Fire Magic
 + Level 8.2 Ice Magic
 + Level 8.2 Air Magic
 + Level 8.2 Earth Magic
 + Level 8.2 Poison Magic
 + Level 10.6 Invocations
 + Level 9.7 Evocations


You had 5 spell levels left.
You knew the following spells:

 Your Spells              Type           Power        Failure   Level  Hunger
a - Lee's Rapid Deconstr  Erth           ######....   9%          5    #......
b - Sticks to Snakes      Tmut           ######..     2%          2    None
c - Spider Form           Tmut/Pois      ######....   3%          3    None
d - Confuse               Hex            ######..     3%          3    None
e - Blade Hands           Tmut           ######....   7%          5    #......
f - Yara's Violent Unrav  Hex/Tmut       ######....   8%          5    #......
g - Regeneration          Chrm/Necr      ######....   3%          3    None
h - Animate Dead          Necr           N/A          5%          4    None


Dungeon Overview and Level Annotations

Branches:
Dungeon (15/15)            Temple (1/1) D:7            Lair (6/6) D:10
 Shoals (0/4) Lair:4       Spider (0/4) Lair:3        Slime (0/5) Lair:5
    Orc (0/2) D:9          Vaults (0/5) D:13         Depths (0/5) D:15

Altars:
Ashenzari
Cheibriados
Dithmenos
Elyvilon
Fedhas
Gozag
Hepliaklqana
Kikubaaqudgha
Makhleb
Nemelex Xobeh
Okawaru
Qazlal
Ru
Trog
Uskayaw
Vehumet
Xom
Yredelemnul
Zin
The Shining One
Beogh
Jiyva

Shops:
D:4 (   D:5 **   D:12 %

Annotations:
D:7 exclusion: downstairs
Lair:3 exclusion: oklob plant


Innate Abilities, Weirdness & Mutations

Your experience applies equally to all skills.
You have very sharp teeth.
Your uncanny sense of smell can sniff out nearby items.


Message History

The wolf completely misses you.
The ogre mage closely misses your adder.
The ettin completely misses you. The ettin hits you with a dire flail!!
Your adder bites the wolf but does no damage.
Your adder bites the ettin but does no damage.
The wolf completely misses you.
The ogre mage gestures at you while chanting.
The bolt of fire hits your adder.
Your adder dies!
The bolt of fire hits you!
Found a scale mail and a ration.
Really harm your adder?
You can feel time thicken for a moment.
You kill the wolf!
Cheibriados thoroughly appreciates the change of pace.
You kill the ogre mage!
Cheibriados thoroughly appreciates the change of pace.
You kill your adder!
You feel somewhat more hungry. The ettin hits you with a dire flail!!!
You die...

,,,,,,,,,,,,...h..,,,,,,,,,,,,,*
********,,,,,.....,,*,,,,,,,,,,*
,,,,,,,*,,,,,,.}.#*,*,,**,,,,,,*
,,,,,,,*,,,,,,,..#*,,,,,,,,,,,,*
,,,,,,,*,,*,***#.#*,#*,*********
,,,,,,,*,,*,* ##.##.##.#
,,,,,,,*,,*,* #..<.....#****
,,,,,,,*,,*,*##)###.####,,,******
,,,,,,,+,,,,*#.)@#,,# *,,,*,,,,,
,,,,,,,*,****#)C....#***,,,*,****
********,****#...#......,,,,,,*
,,,,,,,,,,,,..###.####..,,,,,,*
****,,,,,,,.##,,,#.,⌠*,,,,,,,,*
,,,,,,,,,.[,,,,*,,.,,*∆*****,**
,,,,,,,,,%,,**,*,*,.,*,,,,,*,*
,**,,,,,,,,,**,*,,*,*,*,*,,*,*
,**,**,,,*****,*,,,,,*,,,*,*,**


You could see an ettin.

Vanquished Creatures
  Nessos (D:12)
  Snorg (Lair:5)
  3 hydras
  A rakshasa (D:12)
  A catoblepas (Lair:6)
  2 centaur warriors
  2 two-headed ogres
  3 dancing weapons
  3 death yaks (Lair:6)
  An ogre mage (D:15)
  A deep troll shaman (Lair:6)
  A tengu warrior (D:14)
  4 skeletal warriors (D:14)
  The ghost of TheNamelessOne the Insei, a novice DsCK of Xom (D:8)
  An unseen horror (D:11)
  6 wizards
  A lindwurm (Lair:6)
  An orc sorcerer (D:15)
  3 cyclopes
  A manticore (Lair:4)
  2 black mambas (Lair:5)
  18 elephants
  5 toenail golems (Volcano)
  2 torpor snails (Lair:5)
  12 spiny frogs
  2 gargoyles
  3 kobold demonologists
  8 komodo dragons
  4 rime drakes
  A troll (D:13)
  A tengu conjurer (D:14)
  2 hornets
  2 polar bears (Lair:6)
  8 blink frogs (Lair:5)
  2 slime creatures (D:13)
  2 hippogriffs
  2 shadows
  Sigmund (D:4)
  2 redbacks (Lair:3)
  6 wyverns
  3 basilisks
  4 water elementals (D:13)
  4 wraiths
  41 yaks
  3 fire bats (Lair:5)
  A hungry ghost (D:12)
  3 steam dragons
  10 water moccasins
  11 porcupines
  3 sky beasts
  2 black bears
  12 orc warriors
  7 ogres
  A phantom (D:10)
  An eye of draining (D:12)
  A necrophage (D:11)
  13 wolves
  16 centaurs
  3 big kobolds
  13 crocodiles
  21 bullfrogs
  A wyvern zombie (D:11)
  A wyvern skeleton (D:10)
  3 scorpions
  44 killer bees
  4 howler monkeys
  5 wights (D:7)
  3 electric eels (D:13)
  2 centaur zombies
  5 crimson imps
  A bullfrog zombie (D:13)
  5 hounds
  11 jellies
  13 orc wizards
  6 orc priests
  2 bullfrog skeletons
  4 centaur skeletons
  Terence (D:3)
  6 iguanas
  11 worker ants
  2 hound skeletons (D:5)
  Robin (D:2)
  10 adders
  8 river rats (Sewer)
  3 shadow imps
  7 oozes
  3 adder skeletons
  3 worms (D:2)
  4 dart slugs
  7 leopard geckos
  51 orcs
  15 ball pythons
  5 bats
  3 giant cockroaches
  23 goblins
  18 hobgoblins
  16 jackals
  15 kobolds
  7 quokkas
  6 frilled lizards
  A leopard gecko skeleton (D:7)
  30 rats
662 creatures vanquished.

Vanquished Creatures (collateral kills)
  2 hydras (Lair:3)
  An ugly thing (D:12)
  A spiny frog (Lair:3)
  A water moccasin (Lair:2)
  The ghost of TheNamelessOne the Gusty, an amateur TeAE (D:4)
  An orc warrior (D:10)
  An eye of draining (D:12)
  An ogre (D:4)
  A wolf (Lair:5)
  A scorpion (D:10)
  7 killer bees (Lair:2)
  A howler monkey (D:4)
  2 jellies (Lair:3)
  An orc wizard (D:12)
  11 oozes (Lair:3)
  An orc (D:12)
34 creatures vanquished.

Vanquished Creatures (others)
  An elephant (Lair:4)
  An adder (D:12)
  2 bushes
  19 fungi
  20 plants
43 creatures vanquished.

Grand Total: 739 creatures vanquished

Notes
Turn   | Place    | Note
-------+----------+-------------------------------------------
     0 | D:1      | grindst0ne the Gnoll Transmuter began the quest for the Orb.
     0 | D:1      | Reached XP level 1. HP: 17/17 MP: 6/6
    72 | D:1      | Reached XP level 2. HP: 5/23 MP: 5/7
   495 | D:1      | Reached XP level 3. HP: 22/28 MP: 9/9
   504 | D:1      | Learned a level 2 spell: Sticks to Snakes
   508 | D:1      | Learned a level 3 spell: Spider Form
   631 | D:1      | Reached skill level 5 in Spellcasting
  1043 | D:2      | Noticed Robin
  1046 | D:2      | Reached skill level 1 in Invocations
  1064 | D:2      | Killed Robin
  1064 | D:2      | Reached skill level 1 in Short Blades
  1064 | D:2      | Reached skill level 1 in Long Blades
  1064 | D:2      | Reached skill level 1 in Axes
  1064 | D:2      | Reached skill level 1 in Maces & Flails
  1064 | D:2      | Reached skill level 1 in Polearms
  1064 | D:2      | Reached skill level 1 in Staves
  1064 | D:2      | Reached skill level 1 in Slings
  1064 | D:2      | Reached skill level 1 in Bows
  1064 | D:2      | Reached skill level 1 in Crossbows
  1064 | D:2      | Reached skill level 1 in Throwing
  1064 | D:2      | Reached skill level 1 in Armour
  1064 | D:2      | Reached skill level 1 in Stealth
  1064 | D:2      | Reached skill level 1 in Shields
  1064 | D:2      | Reached skill level 1 in Evocations
  1064 | D:2      | Reached XP level 4. HP: 13/34 MP: 9/11
  1520 | D:2      | Reached skill level 1 in Conjurations
  1520 | D:2      | Reached skill level 1 in Hexes
  1520 | D:2      | Reached skill level 1 in Charms
  1520 | D:2      | Reached skill level 1 in Summonings
  1520 | D:2      | Reached skill level 1 in Necromancy
  1520 | D:2      | Reached skill level 1 in Translocations
  1520 | D:2      | Reached skill level 1 in Fire Magic
  1520 | D:2      | Reached skill level 1 in Ice Magic
  1520 | D:2      | Reached skill level 1 in Air Magic
  1520 | D:2      | Reached skill level 1 in Earth Magic
  1520 | D:2      | Reached skill level 1 in Poison Magic
  1953 | D:3      | Reached XP level 5. HP: 40/40 MP: 8/12
  2081 | D:3      | Found a glowing drain.
  2105 | Sewer    | Entered a sewer
  2247 | Sewer    | Reached XP level 6. HP: 44/47 MP: 10/13
  2428 | Sewer    | Reached skill level 5 in Dodging
  2605 | Sewer    | HP: 2/70 [bullfrog (4)]
  2608 | Sewer    | Reached XP level 7. HP: 28/52 MP: 13/15
  2731 | D:3      | Noticed Terence
  2737 | D:3      | Killed Terence
  2756 | D:3      | Found a hazy altar of Hepliaklqana.
  2902 | D:3      | Found a radiant altar of Vehumet.
  3050 | D:4      | Reached skill level 7 in Unarmed Combat
  3240 | D:4      | Reached XP level 8. HP: 57/60 MP: 13/16
  3710 | D:4      | Noticed Sigmund
  3724 | D:4      | Killed Sigmund
  3789 | D:4      | Noticed TheNamelessOne's ghost (amateur TeAE)
  3797 | D:4      | Killed TheNamelessOne's ghost
  3805 | D:4      | Found Huicw's Weapon Boutique.
  3844 | D:5      | Entered Level 5 of the Dungeon
  3889 | D:5      | Found Finim's General Store.
  3897 | D:5      | Bought a scroll of blinking for 97 gold pieces
  4216 | D:5      | Found Uvoaloav's Elemental Accessories.
  4709 | D:6      | Found a sparkling altar of Nemelex Xobeh.
  4771 | D:6      | Reached XP level 9. HP: 66/66 MP: 15/18
  4894 | D:6      | Reached skill level 5 in Transmutations
  4947 | D:6      | Found an ancient bone altar of Kikubaaqudgha.
  5077 | D:6      | Learned a level 3 spell: Confuse
  5083 | D:6      | Learned a level 5 spell: Blade Hands
  5089 | D:6      | Learned a level 5 spell: Yara's Violent Unravelling
  5878 | D:7      | Found a staircase to the Ecumenical Temple.
  5894 | Temple   | Entered the Ecumenical Temple
  6045 | Temple   | Became a worshipper of Cheibriados the Contemplative
  6120 | D:7      | Found an iron altar of Okawaru.
  6332 | D:7      | Reached skill level 5 in Fighting
  6484 | D:8      | Noticed a hand axe
  6484 | D:8      | Noticed a hand axe
  6485 | D:8      | Found a hide-covered altar of Uskayaw.
  6515 | D:8      | Noticed TheNamelessOne's ghost (novice DsCK)
  6548 | D:8      | HP: 3/68 [TheNamelessOne's ghost (14)]
  7082 | D:8      | Killed TheNamelessOne's ghost
  7082 | D:8      | Reached skill level 8 in Unarmed Combat
  7082 | D:8      | Reached skill level 5 in Invocations
  7109 | D:8      | Reached * piety under Cheibriados
  7140 | D:8      | Found an opulent altar of Gozag.
  7700 | D:9      | Reached XP level 10. HP: 74/74 MP: 16/20
  7741 | D:9      | HP: 3/74 [poisoned by a killer bee]
  7747 | D:9      | HP: 2/74 [poisoned by a killer bee]
  7754 | D:9      | HP: 1/74 [poisoned by a killer bee]
  7762 | D:9      | HP: 1/74 [poisoned by a killer bee]
  7768 | D:9      | HP: 1/74 [poisoned by a killer bee]
  7774 | D:9      | HP: 2/74 [poisoned by a killer bee]
  7780 | D:9      | HP: 2/74 [poisoned by a killer bee]
  8245 | D:9      | Found a staircase to the Orcish Mines.
  8269 | D:9      | Reached skill level 5 in Short Blades
  8269 | D:9      | Reached skill level 5 in Long Blades
  8269 | D:9      | Reached skill level 5 in Axes
  8269 | D:9      | Reached skill level 5 in Maces & Flails
  8269 | D:9      | Reached skill level 5 in Polearms
  8269 | D:9      | Reached skill level 5 in Staves
  8269 | D:9      | Reached skill level 5 in Slings
  8269 | D:9      | Reached skill level 5 in Bows
  8269 | D:9      | Reached skill level 5 in Crossbows
  8269 | D:9      | Reached skill level 5 in Throwing
  8269 | D:9      | Reached skill level 5 in Armour
  8269 | D:9      | Reached skill level 5 in Stealth
  8269 | D:9      | Reached skill level 5 in Shields
  8269 | D:9      | Reached skill level 5 in Evocations
  8300 | D:9      | Reached ** piety under Cheibriados
  8685 | D:9      | Learned a level 3 spell: Regeneration
  8970 | D:10     | Entered Level 10 of the Dungeon
  9142 | D:10     | Reached *** piety under Cheibriados
  9354 | D:10     | HP: 3/76 [porcupine (5)]
  9797 | D:10     | Reached XP level 11. HP: 81/82 MP: 22/22
  9848 | D:10     | Found a staircase to the Lair.
  9884 | D:10     | Found a roughly hewn altar of Beogh.
  9887 | D:10     | Reached **** piety under Cheibriados
 10217 | D:10     | Reached skill level 9 in Unarmed Combat
 10278 | D:10     | Reached ***** piety under Cheibriados
 10548 | D:11     | Noticed a cyclops
 10559 | D:11     | Killed a cyclops
 10559 | D:11     | Reached skill level 5 in Conjurations
 10559 | D:11     | Reached skill level 5 in Hexes
 10559 | D:11     | Reached skill level 5 in Charms
 10559 | D:11     | Reached skill level 5 in Summonings
 10559 | D:11     | Reached skill level 5 in Necromancy
 10559 | D:11     | Reached skill level 5 in Translocations
 10559 | D:11     | Reached skill level 5 in Fire Magic
 10559 | D:11     | Reached skill level 5 in Ice Magic
 10559 | D:11     | Reached skill level 5 in Air Magic
 10559 | D:11     | Reached skill level 5 in Earth Magic
 10559 | D:11     | Reached skill level 5 in Poison Magic
 10630 | D:11     | Killed an unseen horror
 10916 | D:11     | Learned a level 4 spell: Animate Dead
 11460 | D:12     | Noticed a four-headed hydra
 11466 | D:12     | Killed a four-headed hydra
 11669 | D:12     | Noticed a rakshasa
 11673 | D:12     | Noticed a brown ugly thing
 11705 | D:12     | Killed a rakshasa
 11736 | D:12     | Killed a white ugly thing
 11736 | D:12     | Reached XP level 12. HP: 19/91 MP: 24/24
 12076 | D:12     | Found Vaim's Food Boutique.
 12403 | D:12     | Noticed Nessos
 12520 | D:12     | Killed Nessos
 13116 | Lair:1   | Entered Level 1 of the Lair of Beasts
 13495 | Lair:1   | Noticed an eight-headed hydra
 13714 | Lair:1   | Killed an eight-headed hydra
 15395 | Lair:2   | Reached ****** piety under Cheibriados
 16100 | Lair:2   | Reached skill level 10 in Unarmed Combat
 17050 | Lair:3   | Reached XP level 13. HP: 94/98 MP: 19/26
 17367 | Lair:3   | Found a hole to the Spider Nest.
 19001 | Lair:3   | Learned a level 5 spell: Lee's Rapid Deconstruction
 19010 | Lair:4   | Found a staircase to the Shoals.
 19541 | Lair:5   | Found a dark tunnel.
 19562 | Volcano  | Entered a volcano
 20124 | Lair:5   | Reached skill level 10 in Spellcasting
 20271 | Lair:5   | Reached XP level 14. HP: 66/108 MP: 23/28
 20640 | Lair:5   | Reached skill level 10 in Dodging
 20937 | Lair:5   | Reached skill level 11 in Unarmed Combat
 20976 | Lair:5   | Found a viscous altar of Jiyva.
 20976 | Lair:5   | Found a staircase to the Slime Pits.
 21080 | Lair:5   | Noticed Snorg
 21090 | Lair:5   | Killed Snorg
 21312 | Lair:6   | Entered Level 6 of the Lair of Beasts
 21509 | Lair:6   | Reached skill level 10 in Invocations
 22440 | D:13     | Found a gate to the Vaults.
 22812 | D:13     | Found an ancient bone altar of Kikubaaqudgha.
 23682 | D:14     | Reached XP level 15. HP: 115/115 MP: 18/29
 23905 | D:14     | Reached skill level 10 in Fighting
 24459 | D:15     | Entered Level 15 of the Dungeon
 24476 | D:15     | Mangled by an ettin

Vault maps used:
D:1:      lightli_arrival_boilingwater, minmay_liquid_box, minmay_tiny_reverse_x
D:2:      cheibrodos_greedy_goblins, uniq_robin
D:3:      vehumet_crystals, lemuel_doored_altar, portal_sewer_entry_c,
          kennysheep_decorative_pillar, uniq_terence
D:4:      serial_shops, kennysheep_little_box, first_ration, uniq_sigmund
D:5:      serial_shops, shop, nicolae_elemental_shop
D:6:      nemelex_xobeh_ov_fountains_minmay, kiku_gazebo_garden_becter
D:7:      kennysheep_okawaru_gauntlet, temple_green, grunt_ogre_cave
D:8:      grunt_gozag_breadcrumbs, dancing_weapons_uskayaw, serial_glass,
          glass_columns_b, glass_columns_a
D:9:      orc_david_3
D:10:     minmay_lair_entry_grove
D:12:     serial_shops, shop, uniq_nessos
D:13:     erik_vaults_1, basic_altar
D:15:     hangedman_depths_entry_civil_slaughter, minivault_25, serial_ice,
          serial_ice_m, serial_ice_b, serial_ice_h, serial_ice_a, serial_ice_n,
          serial_ice_c, serial_ice_g, serial_ice_d,
          portal_ice_cave_entry_ice_beasts, uniq_roxanne
Temple:   regret_index_temple_generic_petals
Lair:1:   fungi_pond_lemuel
Lair:2:   wad_woods_minihive
Lair:3:   lemuel_slime, spider_nest_entry_funnel_web, beast_lair_carwin_11
Lair:4:   minmay_shoals_entry_beasts, grunt_megastairs_4,
          infiniplex_staircase_pool
Lair:5:   slime_altar_1, nicolae_volcano_entry_batcave, grunt_megastairs_5,
          uniq_snorg
Lair:6:   grunt_lair_end_beastmaster
Sewer:    sewer_minmay_w
Volcano:  volcano_bunker

Skill      XL: |  1  2  3  4  5  6  7  8  9 10 11 12 13 14 15 |
---------------+----------------------------------------------+-----
Spellcasting   | 5 6 7 8 9 10 | 10.9
Invocations    | 1 2 3 4 5 6 7 8 9 10 | 10.6
Short Blades   | 1 2 3 4 5 6 7 8 9 |  9.7
Long Blades    | 1 2 3 4 5 6 7 8 9 |  9.7
Axes           | 1 2 3 4 5 6 7 8 9 |  9.7
Maces & Flails | 1 2 3 4 5 6 7 8 9 |  9.7
Polearms       | 1 2 3 4 5 6 7 8 9 |  9.7
Staves         | 1 2 3 4 5 6 7 8 9 |  9.7
Slings         | 1 2 3 4 5 6 7 8 9 |  9.7
Bows           | 1 2 3 4 5 6 7 8 9 |  9.7
Crossbows      | 1 2 3 4 5 6 7 8 9 |  9.7
Throwing       | 1 2 3 4 5 6 7 8 9 |  9.7
Armour         | 1 2 3 4 5 6 7 8 9 |  9.7
Stealth        | 1 2 3 4 5 6 7 8 9 |  9.7
Shields        | 1 2 3 4 5 6 7 8 9 |  9.7
Evocations     | 1 2 3 4 5 6 7 8 9 |  9.7
Conjurations   | 1 2 3 4 5 6 7 8 |  8.2
Hexes          | 1 2 3 4 5 6 7 8 |  8.2
Charms         | 1 2 3 4 5 6 7 8 |  8.2
Summonings     | 1 2 3 4 5 6 7 8 |  8.2
Necromancy     | 1 2 3 4 5 6 7 8 |  8.2
Translocations | 1 2 3 4 5 6 7 8 |  8.2
Fire Magic     | 1 2 3 4 5 6 7 8 |  8.2
Ice Magic      | 1 2 3 4 5 6 7 8 |  8.2
Air Magic      | 1 2 3 4 5 6 7 8 |  8.2
Earth Magic    | 1 2 3 4 5 6 7 8 |  8.2
Poison Magic   | 1 2 3 4 5 6 7 8 |  8.2
Fighting       | 3 4 5 6 7 8 9 10 | 10.1
Transmutations | 4 5 6 7 8 9 |  9.1
Dodging        | 5 6 7 8 9 10 | 10.7
Unarmed Combat | 7 8 9 10 11 | 11.5

Action                   |  1- 3 |  4- 6 |  7- 9 | 10-12 | 13-15 || total
-------------------------+-------+-------+-------+-------+-------++-------
Melee: Unarmed           |    92 |   237 |   326 |   713 |   556 ||  1924
       Headbutt          |     2 |       |       |       |       ||     2
       Kick              |     1 |       |       |       |       ||     1
       Punch             |     7 |     2 |       |     3 |    36 ||    48
       Bite              |     6 |     1 |     3 |     4 |    75 ||    89
       Staff             |       |       |       |    18 |    20 ||    38
Throw: Throwing net      |       |       |       |     1 |       ||     1
 Cast: Beastly Appendage |     3 |     1 |       |       |       ||     4
       Spider Form       |     1 |    25 |    53 |    82 |    22 ||   183
       Sticks to Snakes  |       |     1 |     9 |    40 |    30 ||    80
       Confuse           |       |       |     2 |       |     3 ||     5
       Blade Hands       |       |       |       |     2 |    53 ||    55
       Regeneration      |       |       |       |     2 |    56 ||    58
       Animate Dead      |       |       |       |       |     1 ||     1
Invok: Slouch            |       |       |       |     2 |     5 ||     7
       Step From Time    |       |       |       |     1 |       ||     1
 Abil: End Transformatio |       |       |       |     1 |       ||     1
Evoke: Wand              |       |       |     2 |     7 |    10 ||    19
  Use: Scroll            |       |     2 |    11 |     9 |     6 ||    28
       Potion            |       |     5 |     3 |    15 |     1 ||    24
 Stab: Sleeping          |     2 |       |     4 |    17 |     6 ||    29
       Distracted        |       |       |     3 |     6 |     3 ||    12
       Invisible         |       |       |       |     3 |       ||     3
       Confused          |       |       |       |       |     4 ||     4
  Eat: Chunk             |       |     8 |    14 |    12 |    13 ||    47
       Ration            |       |       |     1 |     1 |     1 ||     3
Armor: Robe              |     7 |     5 |     6 |     6 |    45 ||    69
       Skin              |     1 |    25 |    17 |    18 |     5 ||    66
       Steam dragon scal |       |       |       |     2 |    38 ||    40
Dodge: Dodged            |    46 |   272 |   303 |  1185 |   886 ||  2692

Table legend:
 A = Spawn XP
 B = Non-spawn XP
 C = Spawn XP percentage of total XP
 D = Spawn monster count
 E = Non-spawn monster count
 F = Spawn count percentage of total count
 G = Total turns spent on level
                    A         B        C        D         E        F      G
               +---------+---------+-------+---------+---------+-------+---------
         Total |       0 |   97358 |   0.0 |       0 |     697 |   0.0 | 24476
               +---------+---------+-------+---------+---------+-------+---------
           D:1 |       0 |      52 |   0.0 |       0 |      25 |   0.0 |   966
           D:2 |       0 |     111 |   0.0 |       0 |      43 |   0.0 |   979
           D:3 |       0 |     186 |   0.0 |       0 |      28 |   0.0 |   511
           D:4 |       0 |     946 |   0.0 |       0 |      26 |   0.0 |   837
           D:5 |       0 |     428 |   0.0 |       0 |      16 |   0.0 |   659
           D:6 |       0 |     426 |   0.0 |       0 |      13 |   0.0 |   840
           D:7 |       0 |     797 |   0.0 |       0 |      22 |   0.0 |  1178
           D:8 |       0 |    1237 |   0.0 |       0 |      12 |   0.0 |   966
           D:9 |       0 |    1981 |   0.0 |       0 |      34 |   0.0 |  1526
          D:10 |       0 |    4843 |   0.0 |       0 |      54 |   0.0 |  1352
          D:11 |       0 |    3318 |   0.0 |       0 |      23 |   0.0 |   961
          D:12 |       0 |    6292 |   0.0 |       0 |      41 |   0.0 |  1655
          D:13 |       0 |    9309 |   0.0 |       0 |      41 |   0.0 |  1061
          D:14 |       0 |   11190 |   0.0 |       0 |      40 |   0.0 |  1066
          D:15 |       0 |    2424 |   0.0 |       0 |       4 |   0.0 |    17
        Lair:1 |       0 |    2995 |   0.0 |       0 |      10 |   0.0 |  1288
        Lair:2 |       0 |    6746 |   0.0 |       0 |      66 |   0.0 |  2551
        Lair:3 |       0 |    6830 |   0.0 |       0 |      40 |   0.0 |  1888
        Lair:4 |       0 |    5991 |   0.0 |       0 |      19 |   0.0 |   677
        Lair:5 |       0 |   14715 |   0.0 |       0 |      57 |   0.0 |  1390
        Lair:6 |       0 |    9585 |   0.0 |       0 |      24 |   0.0 |   845
         Sewer |       0 |     379 |   0.0 |       0 |      48 |   0.0 |   587
       Volcano |       0 |    6577 |   0.0 |       0 |      11 |   0.0 |   507
               +---------+---------+-------+---------+---------+-------+---------
